Map: Blackburn LE

Players

Dream

  • Race: Terran Terran

Serral - Winner!

  • Race: Zerg Zerg

VOD

Have the link to the VOD?

Description

Time

  • Played on: Oct. 21, 2021, 10:09 a.m.
  • Length: 13:10
Show
View Real Time Build Order
Export as new Build Order

Dream Terran 

Build Orders:  

Get SALT Encoding   

  12  0:00  SCV  
  13  0:12  SCV  
  14  0:18  Supply Depot  
  14  0:24  SCV  
  15  0:40  SCV  
  15  0:41  Barracks  
  16  0:44  Refinery  
  16  0:52  SCV  
  17  1:04  SCV  
  18  1:17  SCV  
  19  1:29  Barracks Reactor  
  19  1:30  Orbital Command  
  19  1:42  Command Center  
  19  1:55  Supply Depot, SCV  
  20  2:05  Marine x2  
  20  2:08  SCV  
  23  2:10  Factory  
  23  2:20  SCV  
  24  2:23  Marine x2  
  25  2:32  SCV  
  26  2:44  SCV  
  26  2:45  Marine x2  
  29  2:56  SCV  
  30  2:59  Starport  
  30  3:00  Refinery  
  30  3:05  Orbital Command  
  30  3:10  SCV  
  30  3:12  Hellion x2  
  35  3:15  Marine  
  36  3:22  SCV  
  37  3:32  SCV  
  38  3:35  Hellion  
  38  3:36  Supply Depot, Hellion  
  38  3:38  Medivac  
  44  3:44  Armory  
  44  3:53  SCV  
  44  3:54  Supply Depot  
  46  4:01  SCV  
  47  4:06  Barracks Tech Lab  
  47  4:07  Hellion x2  
  50  4:12  SCV  
  50  4:13  SCV  
  52  4:17  Supply Depot  
  52  4:20  Viking  
  54  4:25  SCV x2  
  54  4:28  Marine  
  57  4:37  SCV, Stimpack  
  57  4:38  SCV  
  59  4:39  Hellion  
  61  4:49  SCV  
  61  4:50  SCV  
  55  4:57  Marine  
  55  5:03  SCV x2  
  53  5:08  Command Center  
  52  5:15  SCV x2  
  54  5:29  SCV x2  
  56  5:36  Factory Reactor  
  56  5:37  Starport Reactor  
  56  5:38  Barracks  
  56  5:39  Barracks  
  56  5:41  SCV x2  
  58  5:44  Hellion x2  
  58  5:45  Hellion x2  
  58  5:47  Marine  
  59  5:52  Engineering Bay x2  
  59  5:53  SCV  
  59  5:55  SCV, Refinery  
  59  5:56  Refinery  
  61  6:04  Marine  
  61  6:05  SCV  
  61  6:07  SCV  
  64  6:17  SCV  
  65  6:19  Barracks, SCV  
  65  6:20  Orbital Command  
  65  6:21  Factory Tech Lab  
  65  6:22  Marine  
  67  6:27  Combat Shield  
  67  6:29  Marine x2, Barracks  
  67  6:32  SCV x2  
  71  6:37  Terran Infantry Weapons Level 1, Terran Infantry Armor Level 1  
  71  6:38  Marine x2  
  73  6:42  Siege Tank  
  73  6:43  Orbital Command  
  73  6:44  SCV  
  77  6:47  Marine x3  
  77  6:52  SCV  
  81  6:56  Marine x2  
  81  7:00  Supply Depot  
  81  7:04  Supply Depot  
  81  7:05  SCV  
  81  7:06  SCV  
  83  7:10  Barracks Reactor  
  83  7:11  SCV  
  84  7:17  SCV  
  84  7:19  Marine x2  
  84  7:21  Marine, Siege Tank  
  84  7:22  Marine  
  91  7:23  Marine  
  91  7:24  Supply Depot, SCV  
  91  7:26  SCV  
  91  7:29  SCV  
  95  7:33  Medivac x2  
  95  7:36  Terran Vehicle Weapons Level 1  
  99  7:37  Marine x2  
  99  7:39  Barracks Reactor, SCV  
  99  7:43  Supply Depot, Bunker  
  101  7:45  SCV  
  101  7:50  Marine  
  101  7:51  Marine x2, Supply Depot  
  105  7:52  Marine  
  105  7:55  Marine  
  105  7:56  SCV  
  109  8:03  Supply Depot  
  109  8:04  Siege Tank, SCV  
  113  8:05  Supply Depot  
  113  8:07  Supply Depot  
  113  8:08  Marine  
  113  8:09  Marine x3  
  113  8:10  Marine, Missile Turret  
  113  8:12  Marine  
  118  8:24  Marine x2, Medivac x2  
  118  8:25  Marine  
  118  8:26  Marine x2, Refinery  
  126  8:29  Command Center  
  127  8:34  Marine  
  127  8:37  Terran Infantry Armor Level 2, Terran Infantry Weapons Level 2  
  131  8:42  Marine x2  
  131  8:43  Siege Tank  
  131  8:47  Factory  
  133  8:49  Refinery  
  133  8:51  SCV x3  
  136  8:55  Marine  
  136  8:57  Supply Depot  
  136  8:59  Marine x5  
  136  9:03  SCV  
  134  9:11  Liberator x2  
  134  9:12  Marine x3  
  134  9:13  Marine  
  134  9:15  Siege Tank  
  143  9:17  Marine x3  
  143  9:19  Marine  
  143  9:21  Marine  
  148  9:30  Marine x2, Factory Tech Lab  
  149  9:31  Supply Depot  
  149  9:33  Supply Depot x2  
  149  9:35  Marine x2, Supply Depot  
  151  9:40  Marine x5  
  156  9:48  Marine  
  157  9:53  Marine x3, Siege Tank  
  157  9:55  Siege Tank  
  157  9:56  Liberator x2  
  157  9:59  Marine x4  
  176  10:00  Marine  
  176  10:06  Marine  
  178  10:10  Marine  
  178  10:11  Marine x2  
  181  10:16  Marine, Terran Vehicle Weapons Level 2  
  181  10:17  Marine  
  183  10:23  Marine x3  
  183  10:24  Marine  
  187  10:29  Marine  
  187  10:31  Marine  
  187  10:33  Supply Depot x2  
  187  10:34  Marine x2, Siege Tank x2  
  187  10:38  Marine  
  187  10:40  Marine  
  189  10:54  Marine x7, Liberator  
  189  10:56  Marine  
  200  11:24  Marine  
  200  11:25  Marine x2  
  194  11:30  Supply Depot  
  194  11:31  Siege Tank x2, Command Center  
  200  11:34  Marine  
  200  11:36  Marine x3  
  200  11:37  Marine x2  
  169  11:42  Marine x2  
  169  11:43  Marine  
  172  11:52  Marine  
  172  11:54  Marine x3  
  174  11:55  Marine x2  
  174  12:00  Marine x3  
  165  12:03  Siege Tank x2  
  158  12:09  Marine  
  158  12:11  Marine  
  158  12:12  Marine x2  
  158  12:13  Marine x2  
  164  12:17  Marine  
  164  12:18  Marine x2  
  167  12:27  Marine  
  167  12:29  Marine x3  
  169  12:31  Marine x2  
  169  12:35  Marine  
  169  12:36  Marine x2  
  134  12:40  Medivac x2  
  125  12:45  Marine  
  125  12:47  Marine x3  
  125  12:48  Marine x2  
Show
View Real Time Build Order
Export as new Build Order

Serral Zerg - Winner!

Build Orders: Pool First 

Get SALT Encoding   

  12  0:00  Drone  
  13  0:12  Overlord  
  13  0:17  Drone  
  14  0:30  Drone x2  
  16  0:41  Spawning Pool  
  15  0:44  Drone  
  15  0:48  Drone  
  17  1:08  Hatchery  
  16  1:12  Drone  
  17  1:27  Zergling x4  
  17  1:28  Zergling x2  
  17  1:31  Queen  
  17  1:32  Extractor  
  21  1:42  Overlord  
  21  1:55  Drone  
  21  2:00  Drone  
  23  2:06  Queen  
  25  2:11  Drone  
  26  2:20  Drone  
  26  2:21  Drone  
  26  2:22  Queen  
  30  2:33  Drone  
  30  2:34  Drone  
  32  2:39  Drone  
  32  2:41  Metabolic Boost  
  33  2:48  Drone x3  
  35  2:51  Overlord  
  35  3:08  Hatchery  
  35  3:10  Drone  
  35  3:13  Overlord  
  35  3:17  Drone  
  35  3:18  Drone  
  37  3:20  Drone  
  37  3:22  Drone  
  37  3:24  Drone  
  37  3:26  Drone  
  41  3:28  Drone  
  41  3:31  Drone  
  43  3:36  Drone  
  43  3:37  Baneling Nest  
  43  3:42  Queen  
  45  3:48  Queen  
  45  3:52  Overlord  
  47  3:56  Zergling x4  
  47  3:58  Zergling x2  
  47  4:00  Drone  
  47  4:01  Drone  
  52  4:09  Overlord  
  52  4:15  Zergling x4  
  52  4:16  Drone x3  
  57  4:19  Drone  
  57  4:20  Drone x3  
  61  4:24  Queen  
  61  4:29  Baneling x5  
  62  4:31  Zergling x2  
  62  4:32  Zergling x2  
  62  4:38  Spore Crawler  
  63  4:40  Queen  
  63  4:43  Queen  
  65  4:51  Drone x5  
  69  4:52  Drone  
  69  4:57  Overlord  
  69  4:58  Drone  
  69  4:59  Drone  
  71  5:01  Drone  
  71  5:05  Drone x2  
  73  5:08  Overlord  
  73  5:09  Overlord  
  72  5:15  Lair  
  72  5:20  Zergling x6, Extractor x2  
  72  5:21  Zergling x2  
  73  5:24  Drone  
  73  5:27  Drone x4  
  78  5:29  Zergling x2  
  78  5:32  Drone  
  78  5:35  Drone  
  81  5:36  Drone  
  81  5:42  Baneling x5, Evolution Chamber  
  81  5:43  Zergling x2  
  81  5:44  Evolution Chamber  
  81  5:51  Drone x2  
  81  5:52  Drone x2  
  81  5:54  Drone  
  81  5:55  Drone x2  
  87  6:00  Hatchery  
  87  6:01  Drone x4  
  89  6:10  Extractor  
  88  6:12  Centrifugal Hooks  
  88  6:13  Overseer  
  88  6:14  Overlord  
  88  6:16  Overlord  
  88  6:20  Overlord x2  
  88  6:24  Overlord  
  88  6:26  Zergling x2  
  88  6:32  Zerg Melee Weapons Level 1  
  89  6:37  Hatchery  
  89  6:38  Zergling x16  
  96  6:47  Zergling x16  
  104  6:58  Zergling x6  
  104  7:00  Overlord  
  107  7:07  Drone  
  107  7:08  Drone x4  
  112  7:12  Zerg Ground Armor Level 1  
  112  7:14  Overlord  
  112  7:15  Drone x2, Baneling x2  
  114  7:16  Baneling x4  
  114  7:18  Drone x3  
  114  7:20  Overlord  
  117  7:24  Zergling x8  
  117  7:26  Zergling x4  
  117  7:29  Queen  
  124  7:30  Pneumatized Carapace, Spore Crawler  
  124  7:34  Drone x2  
  125  7:40  Infestation Pit, Extractor  
  125  7:41  Drone x2  
  125  7:43  Drone x3  
  128  7:45  Hatchery  
  128  7:46  Zergling x10  
  128  7:50  Baneling x2  
  132  7:54  Zergling x12  
  132  7:57  Burrow  
  138  8:05  Drone x4  
  140  8:06  Drone  
  140  8:09  Overlord  
  140  8:11  Zergling x4  
  145  8:15  Zergling x14  
  150  8:23  Hive  
  150  8:24  Queen  
  150  8:26  Drone x4, Extractor x2  
  154  8:28  Drone x2  
  154  8:30  Drone x3  
  154  8:32  Zergling x2  
  159  8:34  Baneling x2  
  159  8:35  Baneling x8  
  159  8:36  Zerg Melee Weapons Level 2  
  159  8:40  Overlord  
  159  8:41  Zergling x18  
  168  8:50  Baneling x15  
  165  8:56  Zergling x20  
  165  8:57  Zergling x2  
  173  9:06  Zergling x10  
  173  9:12  Zerg Ground Armor Level 2  
  173  9:15  Zergling x26  
  186  9:18  Baneling x7  
  187  9:24  Zergling x2  
  187  9:28  Overlord x5  
  187  9:40  Spore Crawler  
  187  9:42  Drone  
  187  9:46  Adrenal Glands  
  187  9:48  Drone x3  
  187  9:49  Spore Crawler, Zergling x2  
  187  9:50  Zergling x22  
  197  9:53  Viper  
  197  9:56  Hatchery  
  197  10:16  Ultralisk Cavern, Extractor  
  197  10:17  Drone x3  
  197  10:18  Viper, Spore Crawler x2  
  197  10:19  Spore Crawler  
  197  10:20  Drone  
  197  10:21  Spore Crawler  
  198  10:23  Drone  
  198  10:28  Zergling x2  
  198  10:29  Overseer, Zergling x2  
  197  10:37  Zergling x8  
  192  11:04  Chitinous Plating  
  192  11:05  Zergling x16  
  198  11:21  Spire  
  198  11:23  Zergling x40  
  200  11:26  Baneling x8  
  200  11:27  Baneling x15  
  195  11:34  Zergling x10  
  195  11:35  Zergling x22  
  195  11:39  Zergling x24  
  200  11:49  Baneling x8  
  172  12:03  Zergling x20  
  172  12:04  Zergling x26  
  172  12:07  Baneling x4  
  172  12:08  Ultralisk x3, Hatchery  
  181  12:13  Ultralisk  
  181  12:14  Ultralisk  
  192  12:20  Baneling x2  
  192  12:21  Zergling x14  
  192  12:22  Zergling x2  
  200  12:23  Anabolic Synthesis  
  200  12:26  Baneling x5  
  199  12:34  Zergling x36  
  199  12:35  Zergling x10  
  184  12:40  Zergling x8  
  183  12:47  Zergling x2  
  183  12:48  Zergling x6  
Tags
 
Add a new tag
Caveats
  • Supply blocks, unpowered buildings, or Contaminate may cause inaccurate times.
  • Supply counts are checked every 10 seconds.